 Dungeon Crawl Stone Soup version 0.31.0-12-g77e489cdc1 (webtiles) character file.

Game seed: 9996931711472066380

60 Silvore the Trooper (level 3, 0/29 HPs)
             Began as a Demonspawn Fighter on Feb 15, 2024.
             Succumbed to an adder's poison
             ... on level 2 of the Dungeon.
             The game lasted 00:01:27 (952 turns).

Silvore the Trooper (Demonspawn Fighter)             Turns: 952, Time: 00:01:27

Health: 0/29       AC:  9    Str: 17 (18) XL:     3   Next: 80%
Magic:  3/3        EV:  9    Int:  7 (8)  God:
Gold:   30         SH:  5    Dex:  9 (12) Spells: 2/2 levels left

rFire   . . .        a - +0 long sword
rCold   . . .        c - +1 buckler
rNeg    . . .        b - +0 scale mail
rPois   .            h - +2 helmet
rElec   .            (no cloak)
rCorr   .            (no gloves)
SInv    .            (no boots)
Will    +....        (no amulet) Stlth
                     (no ring)
HPRegen 0.24/turn    (no ring)
MPRegen 0.08/turn

%: no passive effects
@: mighty, lethally poisoned (0 -> -3), attractive, enlightened, flying
A: weakness stinger 1
a: no special abilities


You were on level 2 of the Dungeon.
You visited 1 branch of the dungeon, and saw 2 of its levels.

You collected 30 gold pieces.

Inventory:

Hand Weapons
 a - a +0 long sword (weapon)
Armour
 b - a +0 scale mail (worn)
 c - a +1 buckler (worn)
 h - a +2 helmet (worn)
Scrolls
 k - 2 scrolls of fog
Potions
 f - a potion of degeneration


   Skills:
 + Level 3.4 Fighting
 + Level 2.6 Long Blades
 + Level 3.0 Armour
 + Level 0.3 Dodging
 + Level 3.1 Shields


You had 2 spell levels left.
You didn't know any spells.
Your spell library contained the following spells:

 Spells                   Type           Power      Damage    Failure   Level
 Freeze                   Ice            0%         1d3       89%         1
 Sting                    Conj/Alch      0%         1d3       89%         1
 Mercury Vapours          Alch/Air       0%         N/A       96%         2
 Frozen Ramparts          Ice            0%         1d1       99%         3
 Hailstorm                Conj/Ice       0%         3d5       99%         3
 Olgreb's Toxic Radiance  Alch           0%         N/A       100%        4


Dungeon Overview and Level Annotations

Branches:
Dungeon (2/15)

Altars:

Shops:
D:2 *


Innate Abilities, Weirdness & Mutations

You have a small tail.


Message History

You feel sick. The adder barely misses you. You block the adder's attack.
The adder bites you but does no damage.
It was a potion of enlightenment.
You feel very buoyant.
You fly up into the air.
You feel sick. You block the adder's attack. The adder bites you.
* * * LOW HITPOINT WARNING * * *
You feel very mighty all of a sudden.
You feel sick.
You are no longer poisoned.
The adder closely misses you.
The adder bites you but does no damage. x2
You closely miss the adder.
The adder is heavily wounded.
The adder bites you but does no damage. You block the adder's attack.
The adder bites you but does no damage. The adder completely misses you.
You closely miss the adder.
The adder is heavily wounded.
The adder completely misses you. The adder bites you but does no damage.
The adder closely misses you.
You slash the adder!
You kill the adder!
The adder bites you.
* * * LOW HITPOINT WARNING * * *
You are lethally poisoned!
The adder poisons you!
A frilled lizard comes into view.
The adder closely misses you.
The frilled lizard is attracted toward you.
Your Armour skill increases to level 3!
* * * LOW HITPOINT WARNING * * *
You feel sick. The adder attacks as it pursues you!
The adder bites you but does no damage.
The frilled lizard is attracted toward you.
Unknown command.
You slash the adder!
You kill the adder!
* * * LOW HITPOINT WARNING * * *
You feel sick.
You closely miss the frilled lizard.
You die...

..§...... ..# .#
#......## ..###.###
##...... .......#
#......# #.# #......#
#....# ..####......#
#§.).# #....#......#
#....# #>...#.∩....#
###l## #...........#
...###.@# #......<....#
#......†####.........###
#[#####.##.....####..###
...........#...# #....#
.............######.##..
#...................####
............#####.......
.............######..###
#..#########...# #...†..


You could see a frilled lizard.

Vanquished Creatures
  2 adders (D:2)
  2 dart slugs
  An orc (D:2)
  3 endoplasms
  2 giant cockroaches (D:1)
  5 goblins
  2 hobgoblins (D:1)
  A quokka (D:1)
  A ball python (D:1)
  4 bats (D:1)
  4 frilled lizards
  5 kobolds (D:1)
  5 rats
37 creatures vanquished.

Notes
Turn   | Place    | Note
-------+----------+-------------------------------------------
     0 | D:1      | Silvore the Demonspawn Fighter began the quest for the Orb.
     0 | D:1      | Reached XP level 1. HP: 18/18 MP: 1/1
   167 | D:1      | Discovered your monstrous ancestry.
   167 | D:1      | Gained mutation: You have a small tail. [demonic ancestry]
   167 | D:1      | Reached XP level 2. HP: 23/24 MP: 2/2
   569 | D:1      | Reached XP level 3. HP: 29/29 MP: 3/3
   775 | D:2      | Found Oworch's Assorted Antiques.
   950 | D:2      | HP: 1/29 [poisoned by an adder]
   952 | D:2      | Succumbed to an adder's poison

Illustrated notes

Levels and vault maps discovered:
D:1:      lemuel_arrival_rhombus, layout_loops_cross
D:2:      layout_rooms, serial_shops, shop, corexii_shack

Skill      XL: |  1  2  3 |
---------------+----------+-----
Long Blades    | 2 |  2.6
Shields        | 3 |  3.1
Armour         | 3 |  3.0
Fighting       | |  3.4
Dodging        | |  0.3

Action                     || total
---------------------------++-------
  Melee: Long sword        ||   107
         Tailslap          ||    10
    Use: Scroll            ||     5
         Potion            ||     4
 Armour: Scale mail        ||   102
  Dodge: Dodged            ||    60
  Block: Buckler           ||    30
